 Dungeon Crawl Stone Soup version 0.31.0-32-g396128a36d (webtiles) character file.

Game seed: 13241878467879910507

1528 safid the Grappler (level 8, -3/62 HPs)
             Began as a Grey Draconian Shapeshifter on Mar 22, 2024.
             Was an Initiate of Ru.
             Slain by a two-headed ogre
             ... wielding a +0 giant club
              (7 damage)
             ... on level 6 of the Dungeon.
             The game lasted 00:06:41 (4843 turns).

safid the Grappler (Grey Draconian Shapeshifter)    Turns: 4843, Time: 00:06:41

Health: -3/62      AC: 11    Str: 19    XL:     8   Next: 55%
Magic:  8/8        EV: 12    Int: 11    God:    Ru [......]
Gold:   220        SH:  0    Dex: 10    Spells: 7/7 levels left

rFire   . .          .
                       - Unarmed
rCold   . . .        (no shield)
rNeg    . . .        (body armour unavailable)
rPois   .            (helmet currently unavailable)
rElec   .            (cloak currently unavailable)
rCorr   .            (gloves currently unavailable)
SInv    +            (boots currently unavailable)
Will    .....        j - amulet of magic regeneration
Stlth   +            p - ring of see invisible
HPRegen 0.30/turn    (no ring)
MPRegen 0.51/turn

%: no passive effects
@: beast-form
A: beast (slay +3), AC +11, amphibious, unfitting armour, cold-blooded
a: Begin Untransformation, Renounce Religion


You were on level 6 of the Dungeon.
You worshipped Ru.
Ru was noncommittal.
You were a hulking beast.
You visited 2 branches of the dungeon, and saw 7 of its levels.

You collected 220 gold pieces.

Inventory:

Jewellery
 j - an amulet of magic regeneration (around neck)
 p - a ring of see invisible (left hand)
Talismans
 b - a beast talisman
 c - a flux talisman
Wands
 q - a wand of paralysis (7)
 s - a wand of digging (6)
Scrolls
 a - a scroll of brand weapon {unknown}
 d - a scroll of vulnerability {unknown}
 e - a scroll of enchant armour {unknown}
 f - a scroll of amnesia {unknown}
 h - 2 scrolls of immolation {unknown}
 k - a scroll of fear {unknown}
 l - a scroll of revelation {unknown}
 n - 2 scrolls of noise {unknown}
 r - 2 scrolls of blinking {unknown}
 t - a scroll of identify {unknown}
 u - a scroll of acquirement {unknown}
Potions
 g - a potion of heal wounds {unknown}
 i - 2 potions of curing {unknown}
 m - a potion of cancellation {unknown}
 o - a potion of magic {unknown}


   Skills:
 + Level 2.9 Fighting
 - Level 2.0 Dodging
 + Level 8.6 Unarmed Combat
 * Level 6.7 Shapeshifting


You had 7 spell levels left.
You didn't know any spells.
Your spell library contained the following spells:

 Spells                   Type           Power      Damage    Failure   Level
 Ensorcelled Hibernation  Hex/Ice        0%         N/A       47%         2
 Passwall                 Erth           0%         N/A       71%         3
 Swiftness                Air            0%         N/A       71%         3
 Vhi's Electric Charge    Tloc/Air       0%         N/A       98%         4
 Arcjolt                  Conj/Air       0%         1d10      100%        5
 Maxwell's Capacitive Co  Air            0%         ∞         100%        8


Dungeon Overview and Level Annotations

Branches:
Dungeon (6/15)             Temple (1/1) D:5

Altars:
Ashenzari
Cheibriados
Dithmenos
Elyvilon
Fedhas
Hepliaklqana
Kikubaaqudgha
Makhleb
Nemelex Xobeh
Okawaru
Qazlal
Ru
Uskayaw
Vehumet
Wu Jian
Yredelemnul
The Shining One

Shops:
D:3 :   D:5 (


Innate Abilities, Weirdness & Mutations

You are a hulking beast.
Your limbs bulge with bestial killing power. (Slay +3)
Your dull iron-grey scales are very hard. (AC +11)
You are amphibious.
You cannot fit into any form of body armour.
You are cold-blooded and may be slowed by cold attacks.


Message History

The ogre is moderately wounded.
You punch the ogre!
The ogre is severely wounded.
The ogre closely misses you.
You hit the ogre. You tail-slap the ogre.
You kill the ogre!
The orc hits you with a +0 whip.
Items here: )))) [[ ††.
You closely miss the orc. You punch the orc!
You kill the orc!
You hit the orc. You punch the orc.
You kill the orc!
No target in view!
No target in view!
No target in view!
Items here: )) ††.
HP restored.
Items here: )))) [[ ††.
A two-headed ogre comes into view.
It is wielding a +0 giant club and a +0 giant spiked club.
The two-headed ogre shouts in stereo!
You closely miss the two-headed ogre. You tail-slap the two-headed ogre!
You punch the two-headed ogre!
The two-headed ogre is moderately wounded.
The two-headed ogre hits you with a +0 giant club!
The two-headed ogre hits you with a +0 giant spiked club!!
You barely miss the two-headed ogre.
The two-headed ogre is moderately wounded.
A jelly comes into view.
You hit the two-headed ogre but do no damage.
The two-headed ogre is moderately wounded.
The two-headed ogre hits you with a +0 giant club!
The two-headed ogre hits you with a +0 giant spiked club!
* * * LOW HITPOINT WARNING * * *
Unknown command.
You hit the two-headed ogre. You tail-slap the two-headed ogre.
The two-headed ogre is heavily wounded.
You hit the two-headed ogre.
The two-headed ogre is heavily wounded.
The two-headed ogre hits you with a +0 giant club!
You die...

#...#....
#...#...######
#.....#....#..
#..#.....#.#.#
#..#.......#.#
#..†.........# #
#)##..<...#..###.##.
#)##...#............
#.###....##.hOJ.....
#.###.#.###.##.#.###
#..............#
#####............#
###.########## ###


You could see a two-headed ogre and a jelly.

Vanquished Creatures
  Pikel (D:5)
  Prince Ribbit (D:5)
  An ice beast (D:5)
  2 ogres
  A phantom (D:5)
  2 lemures (D:5)
  2 scorpions (D:4)
  A bullfrog (D:6)
  A howler monkey (D:4)
  A bombardier beetle (D:4)
  A jelly (D:5)
  A hound (D:4)
  Jessica (D:3)
  An iguana (D:5)
  Ijyb (D:5)
  An orc wizard (D:6)
  7 adders
  A white imp (D:5)
  3 ribbon worms
  6 orcs
  8 ball pythons
  7 bats
  7 endoplasms
  2 giant cockroaches
  4 goblins
  5 hobgoblins
  7 jackals (D:2)
  8 kobolds
  7 quokkas
  3 frilled lizards
  3 rats (D:3)
97 creatures vanquished.

Notes
Turn   | Place    | Note
-------+----------+-------------------------------------------
     0 | D:1      | safid the Draconian Shapeshifter began the quest for the
                  | Orb.
     0 | D:1      | Reached XP level 1. HP: 16/16 MP: 1/1
   130 | D:1      | Found a faded altar of an unknown god.
   179 | D:1      | Reached XP level 2. HP: 23/23 MP: 2/2
  1245 | D:2      | Reached XP level 3. HP: 19/28 MP: 3/3
  2009 | D:3      | Reached XP level 4. HP: 35/35 MP: 4/4
  2039 | D:3      | Reached skill level 4 in Unarmed Combat
  2240 | D:3      | Found Peschemasch's Book Boutique.
  2449 | D:3      | Noticed Jessica
  2455 | D:3      | Killed Jessica
  2456 | D:3      | Reached XP level 5. HP: 38/40 MP: 5/5
  3023 | D:4      | Reached skill level 5 in Unarmed Combat
  3023 | D:4      | Reached XP level 6. HP: 28/47 MP: 6/6
  3258 | D:4      | Reached skill level 5 in Shapeshifting
  3499 | D:4      | Reached skill level 6 in Unarmed Combat
  3712 | D:5      | Entered Level 5 of the Dungeon
  3726 | D:5      | Noticed Pikel
  3752 | D:5      | Killed Pikel
  3753 | D:5      | Reached skill level 7 in Unarmed Combat
  3753 | D:5      | Your scales start taking on a dull iron-grey colour.
  3753 | D:5      | Reached XP level 7. HP: 19/55 MP: 7/7
  3990 | D:5      | Found a sacrificial altar of Ru.
  3991 | D:5      | Noticed Ijyb
  4003 | D:5      | Paralysed by Ijyb for 4 turns
  4010 | D:5      | Killed Ijyb
  4073 | D:5      | Reached XP level 8. HP: 59/61 MP: 8/8
  4393 | D:5      | Found Xier's Weapon Emporium.
  4581 | D:5      | Found a staircase to the Ecumenical Temple.
  4586 | D:5      | Noticed Prince Ribbit
  4605 | D:5      | Killed Prince Ribbit
  4606 | D:5      | Reached skill level 8 in Unarmed Combat
  4610 | Temple   | Entered the Ecumenical Temple
  4633 | D:5      | Became a worshipper of Ru the Awakened
  4837 | D:6      | Noticed a two-headed ogre
  4841 | D:6      | HP: 3/62 [two-headed ogre/+0 giant club (16)]
  4843 | D:6      | Slain by a two-headed ogre

Illustrated notes

Levels and vault maps discovered:
D:1:      minmay_arrival_four_circles, layout_basic,
          shapermc_ecumenical_altar_mp_urbaneastern, wad_woods_river_04
D:2:      layout_basic, corexii_shack, kennysheep_generic_room_14
D:3:      layout_basic, serial_shops, shop, uniq_jessica
D:4:      layout_loops_cross, kennysheep_cross_room
D:5:      layout_basic, nicolae_ru_awakened_eye,
          minmay_temple_entry_stoned_glass, serial_shops,
          nicolae_shop_pleasant_corner_grove, uniq_ijyb, uniq_pikel,
          uniq_prince_ribbit1
D:6:      cheibrodos_fzero, layout_loops_ring, amcnicky_mini_pool_medium,
          uniq_edmund, uniq_crazy_yiuf_cottage
Temple:   eino_temple_rhombus

Skill      XL: |  1  2  3  4  5  6  7  8 |
---------------+-------------------------+-----
Dodging        | 2 |  2.0
Shapeshifting  | 4 5 6 |  6.7
Unarmed Combat | 4 5 7 8 |  8.6
Fighting       | 2 |  2.9

Action                     |  1- 3 |  4- 6 |  7- 9 || total
---------------------------+-------+-------+-------++-------
  Melee: Unarmed           |   107 |   128 |    78 ||   313
         Tailslap          |    10 |    14 |    10 ||    34
         Punch             |     4 |     4 |     5 ||    13
    Use: Potion            |       |     1 |       ||     1
 Armour: Skin              |    55 |    57 |    53 ||   165
  Dodge: Dodged            |    58 |    62 |    29 ||   149
